 Dungeon Crawl Stone Soup version 0.16.2-3-ga078185 (webtiles) character file.

273 gorblad the Sneak (level 6, -1/41 HPs)
             Began as a Halfling Assassin on Sept 8, 2015.
             Slain by an orc
             ... wielding a +0 club
              (3 damage)
             ... on level 4 of the Dungeon.
             The game lasted 00:17:18 (3644 turns).

gorblad the Sneak (Halfling Assassin)               Turns: 3644, Time: 00:17:18

Health: -1/41      AC:  5    Str: 11    XL:     6   Next: 48%
Magic:  6/6        EV: 16    Int: 10    God:
Gold:   230        SH:  0    Dex: 18    Spells: 0 memorised, 5 levels left

rFire  . . .     SeeInvis .     r - +1 short sword (vamp)
rCold  . . .     Clarity  .     j - +0 leather armour
rNeg   . . .     SustAb   .     (no shield)
rPois  .         Gourm    .     l - +0 helmet
rElec  .         Spirit   .     d - +0 cloak
rCorr  .         Warding  .     (no gloves)
rMut   .         Stasis   .     (no boots)
MR     .....                    (no amulet)
Stlth  ++++......               (no ring)
                                (no ring)

@: lethally poisoned (-1 -> -8), drained, not resistant to hostile enchantments,
stealthy
A: mutation resistance 1
a: no special abilities


You were on level 4 of the Dungeon.
You were not hungry.

You visited 1 branch of the dungeon, and saw 4 of its levels.

You collected 230 gold pieces.

Inventory:

Hand weapons
 a - a +2 dagger (quivered)
 b - a +0 blowgun
 r - a +1 vampiric short sword (weapon)
 A - a +2 dagger of draining
 B - a +2 short sword of venom
 C - a +0 hand axe of chopping
Missiles
 e - 8 poisoned needles
 f - 2 curare-tipped needles
Armour
 c - a +0 robe
 d - a +0 cloak (worn)
 i - a +0 cloak
 j - a +0 leather armour (worn)
 l - a +0 helmet (worn)
Jewellery
 w - an uncursed ring of protection from magic {unknown}
Scrolls
 g - a scroll of remove curse {unknown}
 h - a scroll of teleportation {unknown}
 k - a scroll of random uselessness {unknown}
 m - a scroll of immolation {unknown}
 o - a scroll of enchant armour {unknown}
 p - a scroll of recharging {unknown}
 s - 4 scrolls of identify {unknown}
 y - a scroll of magic mapping {unknown}
 D - a scroll of fog {unknown}
 F - a scroll of blinking {unknown}
Potions
 q - a potion of beneficial mutation {unknown}
 u - a potion of poison {unknown}
 v - a potion of agility {unknown}
 x - a potion of lignification {unknown}
 G - a potion of cure mutation {unknown}
Comestibles
 n - 2 meat rations
 z - a slice of pizza
 E - a bread ration
 H - 7 chunks of flesh


   Skills:
 + Level 2.4(2.2) Fighting
 + Level 3.7(3.6) Short Blades
 + Level 2.8(2.6) Throwing
 + Level 2.2(2.1) Armour
 + Level 3.5(3.4) Dodging
 + Level 6.1(5.9) Stealth


You had 5 spell levels left.
You didn't know any spells.

Dungeon Overview and Level Annotations

Branches:
Dungeon (4/15)
 Temple: D:4-7

Altars:
Elyvilon
Makhleb
Nemelex Xobeh
Trog
Xom
Zin
The Shining One


Innate Abilities, Weirdness & Mutations

You are small and have problems with some larger weapons.
You are somewhat resistant to further mutation.


Message History

As you read the scroll labeled FAMIRO NAPUTHROY, it crumbles to dust.
You hear a loud clanging noise!
It was a scroll of noise.
* * * LOW HITPOINT WARNING * * *
You feel sick.
The orc priest shouts!
The worker ant barely misses you. The orc misses you.
Unknown command.
You hit the worker ant but do no damage.
The worker ant is almost dead.
* * * LOW HITPOINT WARNING * * *
You feel sick. The worker ant closely misses you.
You hit the worker ant but do no damage.
The worker ant is almost dead.
The worker ant closely misses you.
You hit the worker ant.
The worker ant is almost dead.
* * * LOW HITPOINT WARNING * * *
You feel sick. The orc closely misses you. The orc hits you with a club.
You die...

..# ..# ##.# ..#
####.## #.#
#.....## #.# .
#.###..###.# ..#
### ##..##.#
...# ##....##
.....
#.....##......#
##....o@a.....#
##..##.o####...#
#.)###..# #
###)####..#
#.[.รท..#o##
##.....<..#
##.......##
##.......##
##.......#


You could see a worker ant, an orc priest and 2 orcs.

Vanquished Creatures
  2 hounds
  A worker ant (D:4)
  Terence (D:2)
  A hound skeleton (D:4)
  7 adders
  3 worms
  2 giant geckos
  13 orcs
  A bat skeleton (D:4)
  5 giant cockroaches
  7 hobgoblins
  7 kobolds
  A quokka (D:2)
  10 bats
  6 giant newts
  7 goblins
  7 rats
81 creatures vanquished.

Vanquished Creatures (others)
  A giant newt (D:2)
1 creature vanquished.

Grand Total: 82 creatures vanquished

Notes
Turn   | Place    | Note
--------------------------------------------------------------
     0 | D:1      | gorblad, the Halfling Assassin, began the quest for the Orb.
     0 | D:1      | Reached XP level 1. HP: 14/14 MP: 1/1
     2 | D:1      | Noticed an electric eel
   348 | D:1      | Reached XP level 2. HP: 19/19 MP: 2/2
   487 | D:1      | Reached skill level 5 in Stealth
   916 | D:2      | Reached XP level 3. HP: 10/24 MP: 3/3
  1079 | D:2      | Found a shimmering altar of Xom.
  1080 | D:2      | Noticed an angel
  1080 | D:2      | Found a glowing silver altar of Zin.
  1342 | D:2      | Noticed Terence
  1362 | D:2      | Killed Terence
  1362 | D:2      | Reached XP level 4. HP: 19/29 MP: 4/4
  1469 | D:2      | Found a burning altar of Makhleb.
  1746 | D:2      | Reached skill level 1 in Armour
  1746 | D:2      | Reached XP level 5. HP: 23/34 MP: 5/5
  1987 | D:2      | Found a white marble altar of Elyvilon.
  2559 | D:3      | Found a sparkling altar of Nemelex Xobeh.
  3033 | D:4      | Reached skill level 6 in Stealth
  3033 | D:4      | Reached XP level 6. HP: 30/40 MP: 6/6
  3323 | D:4      | Found a bloodstained altar of Trog.
  3325 | D:4      | Found a glowing golden altar of the Shining One.
  3642 | D:4      | HP: 2/41 [poisoned by a worker ant]
  3644 | D:4      | Slain by an orc

Action                   |  1- 3 |  4- 6 || total
-------------------------+-------+-------++-------
Melee: Dagger            |    55 |       ||    55
       Short sword       |    32 |   293 ||   325
  Use: Scroll            |       |     1 ||     1
 Stab: Sleeping          |     5 |     5 ||    10
  Eat: Chunk             |     1 |     2 ||     3
       Meat ration       |     1 |       ||     1
       Bread ration      |       |     2 ||     2
